 Dungeon Crawl Stone Soup version 0.28-a0-390-gb254ac4902 (webtiles) character file.

Game seed: 2115144089175974253

47492 olmar the Severer (level 14, -1/132 HPs)
             Began as a Deep Dwarf Fighter on Sept 2, 2021.
             Was a High Priest of Makhleb.
             Slain by a boulder beetle (17 damage)
             ... on level 2 of the Lair of Beasts on Sept 3, 2021.
             The game lasted 00:50:24 (14252 turns).

olmar the Severer (Deep Dwarf Fighter)             Turns: 14252, Time: 00:50:25

Health: -1/132     AC: 16    Str: 26    XL:     14   Next: 8%
Magic:  0/0        EV: 10    Int: 12    God:    Makhleb [*****.]
Gold:   787        SH: 21    Dex:  8    Spells: 13/13 levels left

rFire   . . .      SeeInvis .   B - +4 broad axe of Uduarch {freeze, rN+ Str+3 Int+3 Dex-4}
rCold   + + .      Faith    .   a - +1 tower shield {rC+}
rNeg    + + .      Spirit   .   m - +0 plate armour
rPois   .          Reflect  +   (helmet restricted)
rElec   .          Harm     .   R - +1 cloak
rCorr   .          Rampage  .   f - +1 pair of gloves
Will    ++...                   k - +0 pair of boots
Stlth   ..........              u - amulet of reflection
HPRegen 0.00/turn               n - +4 ring of evasion
MPRegen 0.07/turn               v - ring of protection from cold

@: unable to read
A: damage resistance, heal wounds, negative energy resistance 1, sense
surroundings 2, no regeneration, antennae 1, deformed body, low mp 1, weak 1,
inability to read while threatened
a: Heal Wounds, Renounce Religion, Minor Destruction, Lesser Servant of Makhleb,
Major Destruction, Greater Servant of Makhleb


You were on level 2 of the Lair of Beasts.
You worshipped Makhleb.
Makhleb was extremely pleased with you.
You visited 4 branches of the dungeon, and saw 18 of its levels.
You also visited: Ice Cave.

You collected 1426 gold pieces.
You spent 639 gold pieces at shops.

Inventory:

Hand Weapons
 s - a +4 war axe
 t - the +8 Vampire's Tooth {vamp}
   (You found it in an ice cave)

   It occasionally heals its wielder for the full amount of damage dealt when it
   wounds a living foe.
 B - the +4 broad axe of Uduarch (weapon) {freeze, rN+ Str+3 Int+3 Dex-4}
   (You bought it in a shop on level 11 of the Dungeon)

   It freezes those it strikes, dealing additional cold damage.
   It can also slow down cold-blooded creatures.
   Str:       It affects your strength (+3).
   Int:       It affects your intelligence (+3).
   Dex:       It affects your dexterity (-4).
   rN:        It protects you from negative energy.
 C - the +2 Maxwell's thermic engine {flame, freeze}
   (You found it in an ice cave)

   It burns those it strikes, dealing additional fire damage.
   Big, fiery blades are also staple armaments of hydra-hunters.
   It freezes those it strikes, dealing additional cold damage.
   It can also slow down cold-blooded creatures.
   It becomes more effective when it hits something.
   This effect fades over time.
 D - a +0 broad axe of freezing
 Q - a +1 hand axe of venom
Missiles
 H - a throwing net
Armour
 a - a +1 tower shield of cold resistance (worn)
 f - a +1 pair of gloves (worn)
 k - a +0 pair of boots (worn)
 m - a +0 plate armour (worn)
 r - a scarf of harm
 I - +0 acid dragon scales
 L - a +0 buckler of resistance
 R - a +1 cloak (worn)
Jewellery
 e - a ring of ice
 n - a +4 ring of evasion (left hand)
 u - an amulet of reflection (around neck)
 v - a ring of protection from cold (right hand)
 y - a +4 ring of evasion
 O - a +6 ring of dexterity
 P - the amulet of the Camelopard {RegenMP rC+ rN+ Stlth+}
   (You found it on level 1 of the Lair of Beasts)

   [amulet of magic regeneration]

   It increases your rate of magic regeneration.
   rC:        It protects you from cold.
   rN:        It protects you from negative energy.
   Stlth:     It makes you more stealthy.
Wands
 q - a wand of polymorph (12)
 J - a wand of iceblast (2)
 K - a wand of flame (24)
 N - a wand of mindburst (2)
Scrolls
 d - a scroll of silence
 g - 2 scrolls of noise
 h - 2 scrolls of magic mapping
 j - 3 scrolls of identify
 p - 2 scrolls of enchant weapon
 z - 4 scrolls of immolation
 F - 2 scrolls of enchant armour
Potions
 b - a potion of might
 i - a potion of lignification
 l - 3 potions of flight
 w - 2 potions of haste
 A - 2 potions of cancellation
 E - a potion of berserk rage
Miscellaneous
 o - a tin of tremorstones (inert)
 G - a condenser vane (inert)
 M - a phantom mirror (inert)


   Skills:
 + Level 10.3 Fighting
 + Level 16.9 Axes
 + Level 11.4 Armour
 + Level 3.3 Dodging
 - Level 1.1 Stealth
 + Level 11.5 Shields
 + Level 6.4 Invocations
 - Level 0.3 Evocations


You had 13 spell levels left.
You didn't know any spells.
Your spell library contained the following spells:

 Spells                   Type           Power      Damage    Failure   Level
 Magic Dart               Conj           0%         1d3       100%        1
 Sting                    Tmut/Pois      0%         1d3       100%        1
 Poisonous Vapours        Pois/Air       0%         N/A       100%        2
 Searing Ray              Conj           0%         3d3       100%        2
 Slow                     Hex            0%         N/A       100%        2
 Confusing Touch          Hex            0%         N/A       100%        3
 Conjure Flame            Conj/Fire      0%         6-21      100%        3
 Ignite Poison            Fire/Tmut/Pois 0%         N/A       100%        3
 Vampiric Draining        Necr           0%         2d6       100%        3
 Airstrike                Air            0%         N/A       100%        4
 Fulminant Prism          Conj/Hex       0%         3d6       100%        4
 Olgreb's Toxic Radiance  Pois           0%         N/A       100%        4
 Sticky Flame             Conj/Fire      0%         2d3       100%        4
 Summon Lightning Spire   Summ/Air       0%         N/A       100%        4
 Lightning Bolt           Conj/Air       0%         1d11      100%        5


Dungeon Overview and Level Annotations

Branches:
Dungeon (13/15)            Temple (1/1) D:6            Lair (2/6) D:8
    Orc (2/2) D:11            Elf (0/3) Orc:2         IceCv (visited)
  Swamp: Lair:2-4    Shoals: Lair:2-4     Snake: Lair:2-4    Spider: Lair:2-4
 Vaults: D:13-14

Altars:
Ashenzari
Cheibriados
Dithmenos
Elyvilon
Fedhas
Gozag
Hepliaklqana
Kikubaaqudgha
Makhleb
Nemelex Xobeh
Okawaru
Qazlal
Ru
Sif Muna
Trog
Uskayaw
Vehumet
Wu Jian
Xom
Yredelemnul
Zin
The Shining One
Lugonu

Shops:
D:6 =?   D:11 (

Annotations:
Lair:2 Gastronok


Innate Abilities, Weirdness & Mutations

You are resistant to damage.
You can heal yourself by infusing magical energy.
You resist negative energy. (rN+)
You passively map the area around you.
You do not regenerate.
You have a pair of small antennae on your head.
Armour fits poorly on your strangely shaped body.
Your magical capacity is low. (-10% MP)
You are weak. (Str -2)
You sometimes lose the ability to read scrolls when taking damage.


Message History

You blow up the blink frog!
Makhleb accepts your kill.
You feel better.
You can read scrolls again.
You block the cane toad's attack.
The boulder beetle curls into a ball and begins rolling!
Unknown command.
Aiming: Charm
Press: ? - help, Shift-Dir - straight line, f - boulder beetle
Aim: a boulder beetle (rolling, chance to affect: 29%)
The boulder beetle easily resists.
The now-empty wand crumbles to dust.
You feel yourself slow down. The wolf bites you but does no damage.
Your boulder beetle bites the cane toad!
The blink frog barely misses your boulder beetle.
The blink frog blinks!
Unknown command.
You slash the cane toad!
The cane toad seems to slow down.
You freeze the cane toad.
The cane toad is heavily wounded.
You hit the wolf. You freeze the wolf. The wolf bites you.
You block the cane toad's attack.
Your boulder beetle misses the cane toad.
The blink frog blinks!
The wolf bites you but does no damage.
As you read the scroll of fog, it crumbles to dust.
The scroll dissolves into smoke.
The cane toad is no longer moving slowly.
You block the wolf's attack.
Your boulder beetle bites the cane toad!
You block the cane toad's attack. The wolf bites you.
You slash the cane toad! You freeze the cane toad.
You kill the cane toad!
Makhleb accepts your kill.
You feel better.
You slash the wolf! You freeze the wolf. You block the wolf's attack.
Your boulder beetle bites the wolf!!
The wolf dies!
Makhleb accepts your kill. The boulder beetle hits you!!
You feel threatened and lose the ability to read scrolls!
You die...

* ##..##...P. , ,
#P..#.........., ,
##B..#.°....... ,,
#h.##.°.P.P.P. ,
#..##.○....... , ,,
#..#P.○....... , ,
##..##§§§§....., ,,
#...##§B§§.....,, ,
, ##..# #@B.?F... ,
* #P..# #§§§....#*
** ##..# #§§§...##*
#..###..#.$.# , * ,
#....w......# **
***#...h.......#, *
*
.....w..w#####.....,
,* #.. .#...#..## *
..... ,
.......⌠....# ....#


You could see a boulder beetle (rolling), a blink frog and a friendly boulder
beetle (charmed, unaware).

Vanquished Creatures
  Frances (D:12)
  An orc warlord (Orc:1)
  A reaper (IceCv)
  A boulder beetle (D:12)
  The ghost of HilariousDeathArtist the Covert, a journeyman OpDe of Sif Muna (D:11)
  11 two-headed ogres
  2 ogre magi
  A death knight (D:12)
  2 orc high priests (Orc:1)
  2 skeletal warriors (D:12)
  A phantasmal warrior (D:12)
  Pikel (D:5)
  4 orc knights
  A manticore (D:13)
  4 orc sorcerers
  Maurice (D:11)
  2 cane toads
  A gargoyle (D:12)
  Psyche (D:11)
  Maggie (D:8)
  A freezing wraith (IceCv)
  2 entropy weaver simulacra (IceCv)
  3 anaconda simulacra (IceCv)
  3 trolls
  3 blink frogs (Lair:2)
  20 yaks
  4 slime creatures (D:12)
  A shadow (D:9)
  A dire elephant simulacrum (IceCv)
  2 wyverns
  Sigmund (D:4)
  A vampire (D:12)
  2 wraiths
  A basilisk (Lair:1)
  A death yak simulacrum (IceCv)
  2 neqoxecs (D:11)
  5 vampire mosquitoes
  4 wargs
  2 water moccasins
  An acid dragon (D:12)
  A gnoll sergeant (D:6)
  26 orc warriors
  3 sky beasts
  3 black bears
  A necrophage (D:6)
  7 ogres
  A wolf (Lair:2)
  4 centaurs
  2 phantoms
  A lemure (D:5)
  3 kobold brigands
  7 two-headed ogre simulacra (IceCv)
  3 bullfrogs
  A cane toad simulacrum (IceCv)
  6 scorpions
  A wyvern skeleton (D:5)
  2 elephant simulacra (IceCv)
  7 wights (D:9)
  2 vampire bats (D:12)
  11 howler monkeys
  5 centaur zombies
  3 quasits (D:11)
  6 hounds
  A jelly (D:4)
  11 orc priests
  Crazy Yiuf (D:2)
  A centaur skeleton (D:2)
  2 gnoll shamans (D:6)
  2 bullfrog skeletons
  Natasha (twice) (D:3)
  An iguana (D:6)
  19 orc wizards
  3 hell rats (Lair:2)
  2 polar bear simulacra (IceCv)
  3 troll simulacra (IceCv)
  5 spriggan simulacra (IceCv)
  2 wolf simulacra (IceCv)
  14 gnolls
  A howler monkey skeleton (D:7)
  6 adders
  7 naga simulacra (IceCv)
  16 white imps
  8 ufetubi
  An adder zombie (D:5)
  3 worms
  A dart slug (D:4)
  49 orcs
  3 bat skeletons (D:12)
  A bat zombie (D:12)
  6 endoplasms
  3 giant cockroaches
  5 hobgoblins
  10 jackals
  5 quokkas
  6 ball pythons
  5 bats
  8 frilled lizards
  6 goblins
  11 kobolds
  6 rats
442 creatures vanquished.

Vanquished Creatures (collateral kills)
  Fannar (D:11)
  A two-headed ogre (Orc:2)
  An orc high priest (Orc:2)
  An orc knight (D:10)
  An ice statue (IceCv)
  A komodo dragon (Lair:2)
  3 yaks (D:5)
  A wyvern (D:11)
  A warg (Orc:2)
  2 water moccasins
  6 orc warriors
  An ogre (Orc:2)
  2 wolves (Lair:2)
  A bullfrog (Lair:2)
  A gnoll sergeant (D:6)
  An orc priest (Orc:2)
  A bullfrog skeleton (D:7)
  5 orc wizards
  A hell rat (Lair:2)
  4 gnolls (D:6)
  8 orcs
  3 jackals
47 creatures vanquished.

Vanquished Creatures (others)
  A two-headed ogre (Orc:2)
  A deep elf pyromancer (D:12)
  A cane toad (Lair:2)
  2 orc warriors
  An orc priest (D:11)
  27 fungi
  23 plants
56 creatures vanquished.

Grand Total: 545 creatures vanquished

Notes
Turn   | Place    | Note
-------+----------+-------------------------------------------
     0 | D:1      | olmar the Deep Dwarf Fighter began the quest for the Orb.
     0 | D:1      | Reached XP level 1. HP: 20/20 MP: 1/1
    87 | D:1      | Reached XP level 2. HP: 25/27 MP: 2/2
   351 | D:1      | Found a faded altar of an unknown god.
   591 | D:1      | Reached skill level 3 in Axes
   596 | D:1      | Reached XP level 3. HP: 27/33 MP: 3/3
  1484 | D:2      | Reached XP level 4. HP: 27/42 MP: 4/4
  1504 | D:2      | Found a runed translucent door.
  1505 | D:2      | Noticed Crazy Yiuf
  1572 | D:2      | Reached skill level 4 in Axes
  2055 | D:3      | Found a large runed translucent door.
  2055 | D:3      | Found a large runed translucent door.
  2065 | D:3      | Noticed Natasha
  2079 | D:3      | Killed Natasha
  2088 | D:3      | Found a bloodstained altar of Trog.
  2458 | D:4      | Noticed a scorpion
  2467 | D:4      | Killed a scorpion
  2468 | D:4      | Reached XP level 5. HP: 32/49 MP: 4/4
  2596 | D:4      | Found a broken altar of Ashenzari.
  2619 | D:4      | Found a shimmering blue altar of Sif Muna.
  2645 | D:4      | Reached skill level 5 in Axes
  2645 | D:4      | Reached XP level 6. HP: 26/56 MP: 5/5
  2663 | D:4      | Noticed Sigmund
  2667 | D:4      | Killed Sigmund
  2790 | D:4      | Reached skill level 6 in Axes
  2825 | D:4      | Reached XP level 7. HP: 45/63 MP: 6/6
  2971 | D:4      | Found a radiant altar of Vehumet.
  3062 | D:5      | Entered Level 5 of the Dungeon
  3064 | D:5      | Found an iron altar of Okawaru.
  3134 | D:5      | Reached skill level 7 in Axes
  3134 | D:5      | Reached skill level 5 in Armour
  3134 | D:5      | Reached skill level 1 in Stealth
  3220 | D:5      | Reached skill level 5 in Shields
  3243 | D:5      | Reached XP level 8. HP: 37/72 MP: 7/7
  3277 | D:5      | Noticed Pikel
  3289 | D:5      | Killed Pikel
  3290 | D:5      | Reached skill level 8 in Axes
  3365 | D:5      | Found an opulent altar of Gozag.
  3381 | D:5      | Reached skill level 9 in Axes
  3405 | D:5      | Killed a yak
  3406 | D:5      | Gained mutation: You passively map the area around you.
                  | [Deep Dwarf growth]
  3406 | D:5      | Reached XP level 9. HP: 27/80 MP: 8/8
  3559 | D:5      | Found a glowing golden altar of the Shining One.
  3636 | D:6      | Reached skill level 10 in Axes
  3652 | D:6      | Reached skill level 5 in Fighting
  3662 | D:6      | Reached skill level 1 in Dodging
  3773 | D:6      | Found a staircase to the Ecumenical Temple.
  3795 | Temple   | Entered the Ecumenical Temple
  3813 | Temple   | Became a worshipper of Makhleb the Destroyer
  3906 | D:6      | Found a white marble altar of Elyvilon.
  3998 | D:6      | Found Aczutupn's Jewellery Emporium.
  4445 | D:6      | Found Neam Vokh's Magic Scroll Boutique.
  4448 | D:6      | Reached * piety under Makhleb
  4591 | D:6      | Reached skill level 11 in Axes
  5012 | D:7      | Reached XP level 10. HP: 60/91 MP: 9/9
  5191 | D:8      | Noticed Maggie
  5214 | D:8      | Killed Maggie
  5759 | D:8      | Reached ** piety under Makhleb
  6047 | D:8      | Found a staircase to the Lair.
  6125 | D:9      | Found a sacrificial altar of Ru.
  6147 | D:9      | Reached skill level 12 in Axes
  6213 | D:9      | Found an ornate altar of the Wu Jian Council.
  6696 | D:3      | Noticed Natasha
  6701 | D:3      | Killed Natasha
  7048 | D:10     | Entered Level 10 of the Dungeon
  7482 | D:10     | Reached skill level 13 in Axes
  7482 | D:10     | Reached XP level 11. HP: 51/99 MP: 9/11
  7606 | D:10     | Noticed a two-headed ogre
  7610 | D:10     | Killed a two-headed ogre
  8232 | D:10     | Found a snail-covered altar of Cheibriados.
  8351 | D:11     | Noticed HilariousDeathArtist's ghost (journeyman OpDe)
  8400 | D:11     | Noticed a seven-headed hydra
  8424 | D:11     | Found a transporter.
  8439 | D:11     | Found a transporter.
  8464 | D:12     | Noticed a phantasmal warrior
  8465 | D:12     | Noticed a death knight
  8465 | D:12     | Noticed a skeletal warrior
  8465 | D:12     | Noticed a skeletal warrior
  8487 | D:12     | Killed a phantasmal warrior
  8490 | D:12     | Killed a death knight
  8509 | D:12     | Killed a skeletal warrior
  8523 | D:12     | Killed a skeletal warrior
  8554 | D:12     | Noticed a deep elf pyromancer
  8571 | D:12     | Reached skill level 14 in Axes
  8581 | D:12     | Killed a deep elf pyromancer
  8636 | D:12     | Noticed a two-headed ogre
  8645 | D:12     | Killed a two-headed ogre
  8785 | D:12     | Reached *** piety under Makhleb
  8790 | D:12     | Noticed Frances
  8809 | D:12     | Killed Frances
  8810 | D:12     | Reached XP level 12. HP: 48/110 MP: 4/4
  8821 | D:12     | Found an ancient bone altar of Kikubaaqudgha.
  8896 | D:12     | Noticed a two-headed ogre
  8897 | D:12     | Noticed a two-headed ogre
  8898 | D:12     | Noticed a two-headed ogre
  8898 | D:12     | Noticed a two-headed ogre
  8898 | D:12     | Noticed a two-headed ogre
  8899 | D:12     | Noticed an ogre mage
  8904 | D:12     | Killed a two-headed ogre
  8905 | D:12     | Killed a two-headed ogre
  8906 | D:12     | Killed a two-headed ogre
  8908 | D:12     | Killed a two-headed ogre
  8911 | D:12     | Killed an ogre mage
  8912 | D:12     | Reached skill level 15 in Axes
  8916 | D:12     | Killed a two-headed ogre
  9088 | D:12     | Noticed a boulder beetle
  9127 | D:12     | Killed a boulder beetle
  9572 | D:10     | Upgraded the game from 0.28-a0-384-g9e0c098162 to
                  | 0.28-a0-390-gb254ac4902
  9698 | D:11     | Found a staircase to the Orcish Mines.
  9701 | D:11     | Found Keinit's Weapon Emporium.
  9795 | D:11     | Noticed Fannar
  9813 | D:11     | Killed Fannar
  9814 | D:11     | Reached skill level 10 in Armour
  9914 | D:11     | Noticed Psyche
  9934 | D:11     | Killed Psyche
  9998 | D:11     | Noticed Maurice
 10025 | D:11     | Killed Maurice
 10026 | D:11     | Reached skill level 10 in Shields
 10347 | D:2      | Killed Crazy Yiuf
 10415 | D:3      | Found a hide-covered altar of Uskayaw.
 10424 | D:3      | Found an ancient bone altar of Kikubaaqudgha.
 10645 | Orc:1    | Entered Level 1 of the Orcish Mines
 10716 | Orc:1    | Reached **** piety under Makhleb
 10761 | D:11     | Bought the +4 broad axe of Uduarch {freeze, rN+ Str+3 Int+3
                  | Dex-4} for 639 gold pieces
 10887 | Orc:2    | Entered Level 2 of the Orcish Mines
 10887 | Orc:2    | Noticed a two-headed ogre
 10887 | Orc:2    | Found a staircase to the Elven Halls.
 10890 | Orc:2    | Noticed a two-headed ogre
 10895 | Orc:2    | Noticed a two-headed ogre
 10897 | Orc:2    | Noticed an ogre mage
 10900 | Orc:2    | Killed a two-headed ogre
 10900 | Orc:2    | Noticed a two-headed ogre
 10903 | Orc:2    | Noticed a two-headed ogre
 10905 | Orc:2    | Reached XP level 13. HP: 77/121 MP: 5/5
 10970 | Orc:1    | Reached skill level 5 in Invocations
 11187 | Orc:2    | Reached skill level 16 in Axes
 11432 | Orc:1    | Noticed an orc warlord
 11489 | Orc:1    | Gained mutation: Armour fits poorly on your strangely
                  | shaped body. [potion of mutation]
 11489 | Orc:1    | Gained mutation: You have a pair of small antennae on your
                  | head. [potion of mutation]
 11525 | Orc:1    | Killed an orc warlord
 11680 | Orc:2    | Gained mutation: You are weak. (Str -2) [a neqoxec]
 12091 | Orc:2    | Noticed an orc warlord
 12159 | D:11     | Gained mutation: You sometimes lose the ability to read
                  | scrolls when taking damage. [a neqoxec]
 12161 | D:11     | Gained mutation: Your magical capacity is low. (-10% MP) [a
                  | neqoxec]
 12176 | D:11     | Killed HilariousDeathArtist's ghost
 12177 | D:11     | Reached skill level 10 in Fighting
 12403 | Lair:1   | Entered Level 1 of the Lair of Beasts
 12428 | Lair:1   | Found a frozen archway.
 12436 | Lair:1   | Reached ***** piety under Makhleb
 12450 | IceCv    | Entered an ice cave
 13043 | IceCv    | Noticed a reaper
 13060 | IceCv    | HP: 4/123 [reaper (24)]
 13067 | IceCv    | HP: 5/123 [reaper (12)]
 13081 | IceCv    | Killed a reaper
 13120 | IceCv    | Gained mutation: You resist negative energy. (rN+) [Deep
                  | Dwarf growth]
 13120 | IceCv    | Reached XP level 14. HP: 25/132 MP: 0/0
 13349 | IceCv    | Found the +2 Maxwell's thermic engine {flame, freeze}
 13350 | IceCv    | Found the +8 Vampire's Tooth {vamp}
 13936 | Lair:1   | Identified the amulet of the Camelopard {RegenMP rC+ rN+
                  | Stlth+}
 14186 | Lair:2   | Noticed Gastronok
 14190 | Lair:2   | Found a hide-covered altar of Uskayaw.
 14190 | Lair:2   | Found an ornate altar of the Wu Jian Council.
 14233 | Lair:2   | HP: 2/132 [Gastronok/the air (16)]
 14252 | Lair:2   | Slain by a boulder beetle

Illustrated notes

Levels and vault maps discovered:
D:1:      dpeg_arrival_round_c, layout_loops_ring,
          shapermc_ecumenical_altar_mp_vishouse
D:2:      layout_basic, chequers_mini_garden, uniq_crazy_yiuf_cottage
D:3:      layout_rooms, lemuel_round_altar, jmf_multi_god_temple2,
          nrook_campfire, chequers_avenue, kennysheep_path_1, uniq_natasha
D:4:      layout_basic, mainiacjoe_overflow_brackets, overflow_temple_1_default,
          led_sif_pool, grunt_ministairs_7, uniq_sigmund
D:5:      layout_rooms, tso_altar, mainiacjoe_overflow_alcove_4,
          kennysheep_okawaru_gauntlet, uniq_pikel
D:6:      layout_cave_pools, lemuel_tele_altar, minmay_temple_entry_arrows,
          serial_gnoll_camp, gnoll_camp_mini_basic, gnoll_camp_mini_loothouse,
          gnoll_camp_mini_shop, gnoll_camp_mini_house, gnoll_camp_mini_shop,
          gnoll_camp_mini_hut, minivault_19
D:7:      layout_basic, minmay_checkerbox
D:8:      layout_basic, grunt_lair_entry_orc_guard_hut, uniq_maggie
D:9:      layout_loops_cross, nzn_wu_jian_council_hall,
          mainiacjoe_overflow_chevrons, minmay_fountain_box
D:10:     layout_grid_maze, slow_altar_2, chequers_serial_rivers_large_b,
          grunt_decor_arrowhead, amcnicky_mini_corridor_feature,
          hangedman_abyss_or_decor_passed
D:11:     layout_rooms, orc_david_3, gammafunk_ghost_stat_death,
          small_statue_intersection, uniq_maurice, uniq_fannar, uniq_psyche
D:12:     layout_loops_ring, kennysheep_vampire_church, uniq_frances
D:13:     layout_loops_corners, serial_shops, shop, kennysheep_dice
Temple:   corrupted_temple
Lair:1:   layout_hall_layers, portal_ice_cave_entry_imps,
          infiniplex_staircase_pool_2
Lair:2:   layout_small_grid, nzn_masters_of_martial_movement,
          infiniplex_staircase_pool, lemuel_fruit_tree, grunt_megastairs_5,
          uniq_gastronok
Orc:1:    layout_diamond_mine
Orc:2:    st_orc_congregation, layout_caves, serial_shops, shop, uniq_azrael

Skill      XL: |  1  2  3  4  5  6  7  8  9 10 11 12 13 |
---------------+----------------------------------------+-----
Axes           | 3 4 5 6 7 9 11 13 14 15 16 | 16.9
Fighting       | 3 4 5 6 7 9 10 | 10.3
Armour         | 4 5 6 7 8 9 10 11 | 11.4
Shields        | 4 5 6 7 8 9 10 11 | 11.5
Stealth        | 1 |  1.1
Dodging        | 1 2 3 |  3.3
Invocations    | 2 3 4 6 |  6.4
Evocations     | |  0.3

Action                   |  1- 3 |  4- 6 |  7- 9 | 10-12 | 13-15 || total
-------------------------+-------+-------+-------+-------+-------++-------
Melee: War axe           |   118 |   122 |   259 |   523 |       ||  1022
       Hand axe          |       |       |       |    75 |       ||    75
       Broad axe         |       |       |       |    14 |   404 ||   418
Invok: Minor Destruction |       |       |       |    16 |    10 ||    26
       Lesser Servant of |       |       |       |     5 |    11 ||    16
 Abil: Heal Wounds       |       |     2 |     3 |    23 |    26 ||    54
Evoke: Wand              |       |     3 |    45 |    74 |    32 ||   154
       Condenser vane    |       |       |       |     2 |     2 ||     4
       Phantom mirror    |       |       |       |     2 |     1 ||     3
       Tin of tremorston |       |       |       |       |     2 ||     2
  Use: Scroll            |       |       |     5 |    14 |     4 ||    23
       Potion            |       |       |     2 |     1 |    14 ||    17
 Stab: Paralysed         |       |       |     8 |       |       ||     8
       Distracted        |       |       |       |     2 |     1 ||     3
       Confused          |       |       |       |     1 |     2 ||     3
       Betrayed ally     |       |       |       |     1 |       ||     1
Armor: Scale mail        |    43 |       |       |       |       ||    43
       Chain mail        |    33 |     3 |       |       |       ||    36
       Plate armour      |       |    58 |    85 |   168 |   143 ||   454
Dodge: Dodged            |    66 |    58 |    98 |   273 |   221 ||   716
Block: Buckler           |    27 |    45 |   116 |   255 |   277 ||   720
       Reflection        |       |       |     8 |     4 |     1 ||    13
       Tower shield      |       |       |       |       |    28 ||    28

Table legend: (Time is in decaauts)
 A = Elapsed time spent in this place.
 B = Non-inter-level travel time spent in this place.
 C = Inter-level travel time spent in this place.
 D = Time resting spent in this place.
 E = Time spent auto-exploring this place.
 F = Levels seen in this place.
 G = Mean time per level.
                   A        B        C        D        E       F      G
               +--------+--------+--------+--------+--------+-----+--------+
         Total |  14182 |  12792 |   1390 |   1987 |   7385 |  19 |  746.4 |
       Dungeon |  10907 |   9669 |   1238 |   1141 |   6230 |  13 |  839.0 |
        Temple |     34 |     11 |     23 |      0 |      6 |   1 |   34.0 |
          Lair |    672 |    656 |     16 |     11 |    481 |   2 |  336.0 |
  Orcish Mines |   1436 |   1324 |    112 |    322 |    447 |   2 |  718.0 |
      Ice Cave |   1132 |   1132 |      0 |    512 |    220 |   1 | 1132.0 |
               +--------+--------+--------+--------+--------+-----+--------+

Top non-repeatable levels by time:
    D:10: 1471 daAuts
     D:2: 1163 daAuts
     D:8: 1160 daAuts
   IceCv: 1132 daAuts
     D:6: 1096 daAuts
    D:12: 1017 daAuts
     D:1: 847 daAuts
   Orc:1: 831 daAuts
    D:11: 804 daAuts
     D:3: 737 daAuts
     D:4: 726 daAuts
     D:9: 699 daAuts
     D:5: 616 daAuts
  Lair:1: 608 daAuts
   Orc:2: 604 daAuts
